 Dungeon Crawl Stone Soup version 0.17-a0-1404-gb8113a6 (webtiles) character file.

130 urechis the Spear-Bearer (level 5, -1/38 HPs)
             Began as a Merfolk Gladiator on June 21, 2015.
             Slain by an orc priest
             ... wielding a +0 flail
              (3 damage)
             ... on level 3 of the Dungeon.
             The game lasted 00:04:03 (2209 turns).

urechis the Spear-Bearer (Merfolk Gladiator)        Turns: 2209, Time: 00:04:03

Health: -1/38      AC:  5    Str: 16    XL:     5   Next: 14%
Magic:  5/5        EV: 13    Int:  7    God:
Gold:   154        SH:  0    Dex: 15    Spells: 0 memorised, 4 levels left

rFire  . . .     SeeInvis .     o - +0 spear
rCold  . . .     Clarity  .     b - +0 leather armour
rNeg   . . .     SustAt   .     (no shield)
rPois  .         Gourm    .     c - +0 helmet
rElec  .         Spirit   .     k - +0 cloak
rCorr  .         Warding  .     (no gloves)
rMut   .         Stasis   .     (no boots)
MR     .....                    (no amulet)
Stlth  +.........               (no ring)
                                (no ring)

@: very slightly contaminated, hasted, very quick, not resistant to hostile
enchantments, very unstealthy
A: change form in water, swift swim
a: no special abilities


You were on level 3 of the Dungeon.
You were not hungry.

You visited 1 branch of the dungeon, and saw 3 of its levels.

You collected 154 gold pieces.

Inventory:

Hand weapons
 a - a +0 trident
 o - a +0 spear (weapon)
Missiles
 e - 3 throwing nets (quivered)
Armour
 b - a +0 leather armour (worn)
 c - a +0 helmet (worn)
 k - a +0 cloak (worn)
Scrolls
 f - 3 scrolls of magic mapping {unknown}
 m - a scroll of teleportation {unknown}
 n - a scroll of enchant weapon {unknown}
Potions
 h - a potion of resistance {unknown}
 i - a potion of magic {unknown}
 j - a potion of curing {unknown}
Comestibles
 d - 3 bread rations


   Skills:
 - Level 2.1 Fighting
 + Level 8.2 Polearms
 - Level 2.0 Throwing
 - Level 4.0 Dodging


You had 4 spell levels left.
You didn't know any spells.

Dungeon Overview and Level Annotations

Branches:
Dungeon (3/15)

Altars:

Annotations:
D:3 Aiteri's ghost, average HOFi


Message History

The orc priest is heavily wounded.
The orc priest hits you with a flail.
* * * LOW HITPOINT WARNING * * *
Drink which item? (? for menu, Esc to quit)
It was a potion of haste.
You feel yourself speed up. The orc priest completely misses you.
You are very lightly contaminated with residual magic.
You hit the orc priest but do no damage.
The orc priest is moderately wounded.
You barely miss the orc priest.
The orc priest is moderately wounded.
You hit the orc priest.
The orc priest is heavily wounded.
The orc priest closely misses you.
You hit the orc priest.
The orc priest is almost dead.
You closely miss the orc priest.
The orc priest is almost dead.
The orc priest hits you with a flail.
You die...

.....# ####.# #.# # #.#
######## ####.# .....(##
.##..##########..##..###
........(.((((..........
........(..(..).......?.
≈≈≈≈..≈≈(.≈≈≈((.@o.≈≈≈.≈
≈≈≈≈≈≈≈≈≈≈≈≈(≈≈....≈≈≈≈≈
≈≈≈≈≈≈≈≈≈≈≈≈≈≈≈.....≈≈≈≈
≈≈≈≈≈≈≈≈≈≈≈≈≈≈≈....≈≈≈≈≈
################++######


You could see an orc priest.

Vanquished Creatures
  6 adders
  3 worms
  4 giant geckos
  3 orcs (D:3)
  A ball python (D:1)
  6 goblins
  6 hobgoblins
  9 bats
  13 giant newts
  11 kobolds
  A quokka (D:2)
  7 rats
70 creatures vanquished.

Notes
Turn   | Place    | Note
--------------------------------------------------------------
     0 | D:1      | urechis the Merfolk Gladiator began the quest for the Orb.
     0 | D:1      | Reached XP level 1. HP: 16/16 MP: 1/1
   129 | D:1      | Reached skill level 5 in Polearms
   133 | D:1      | Reached XP level 2. HP: 22/22 MP: 2/2
   401 | D:1      | Reached XP level 3. HP: 27/27 MP: 3/3
   507 | D:1      | Reached skill level 6 in Polearms
  1043 | D:2      | Reached XP level 4. HP: 12/33 MP: 4/4
  1240 | D:2      | Reached skill level 7 in Polearms
  2078 | D:3      | Reached skill level 8 in Polearms
  2078 | D:3      | Reached XP level 5. HP: 38/38 MP: 5/5
  2106 | D:3      | Noticed Aiteri's ghost (average HOFi)
  2209 | D:3      | Slain by an orc priest

Vault maps used:
D:1:      matt_arrival_refuge, roderic_digamma_sauvastika, minmay_newt_pond
D:3:      minmay_goblin_kobold_castle, first_bread, minmay_parallelograms

Action                   |  1- 3 |  4- 6 || total
-------------------------+-------+-------++-------
Melee: Trident           |   113 |    38 ||   151
       Spear             |       |   102 ||   102
  Use: Potion            |       |     1 ||     1
 Stab: Sleeping          |     2 |       ||     2
  Eat: Chunk             |       |     4 ||     4
